[Event "Eurasia Open Cup 2019"]
[Site "Ekaterinburg"]
[Date "2019.08.03"]
[Round "4.4"]
[White "Drygalov, Sergey"]
[Black "Zhigalko, Andrey"]
[Result "1-0"]
[ECO "C60"]
[WhiteElo "2492"]
[BlackElo "2549"]
[Annotator "ChessBase"]
[PlyCount "117"]
[EventDate "2019.07.31"]
[EventType "swiss"]
[EventCountry "RUS"]
[SourceTitle "playchess.com"]
[Source "ChessBase"]
[SourceQuality "1"]
[TimeControl "5400+30"]

1. e4 e5 2. Nf3 Nc6 3. Bb5 g6 4. d4 exd4 5. Bg5 Be7 6. Bxe7 Qxe7 7. Bxc6 dxc6 8. Qxd4 Nf6 9. Nc3 Bg4 10. Nd2 c5 11. Qe3 O-O-O 12. h3 Bd7 13. O-O-O Bc6 14. f3 b6 15. Nc4 Nh5 16. g4 Ng7 17. f4 Bb7 18. Rhe1 Rhe8 19. Rxd8+ Qxd8 20. Ne5 Ne6 21. Nf3 Qd6 22. e5 Qc6 23. Nd2 Nd4 24. Nde4 Rd8 25. Rd1 b5 26. b4 cxb4 27. Rxd4 Rxd4 28. Qxd4 bxc3 29. Nxc3 a5 30. a3 Qh1+ 31. Kb2 Qxh3 32. Qc5 Qh4 33. Nxb5 Qd8 34. Nd6+ Kb8 35. Nxf7 Qd7 36. Nh6 Be4 37. Qxa5 Kc8 38. Qb4 Qc6 39. Qf8+ Kb7 40. Qb4+ Kc8 41. Qb3 Bd5 42. Qc3 Qb5+ 43. Qb4 Qe2 44. Qc5 c6 45. Ng8 Qxg4 46. Ne7+ Kb8 47. Qb6+ Ka8 48. Qa5+ Kb8 49. Qd8+ Kb7 50. Nxd5 cxd5 51. Qxd5+ Ka7 52. Qc5+ Kb7 53. Qe7+ Kc8 54. Qf8+ Kb7 55. Qf7+ Kc8 56. Qg8+ Kd7 57. Qxh7+ Ke6 58. Qg8+ Ke7 59. Qg7+ 1-0

[Event "Eurasia Open Cup 2019"]
[Site "Ekaterinburg"]
[Date "2019.08.03"]
[Round "4.5"]
[White "Kostenko, Petr"]
[Black "Sargsyan, Shant"]
[Result "0-1"]
[ECO "C83"]
[WhiteElo "2471"]
[BlackElo "2529"]
[Annotator "ChessBase"]
[PlyCount "125"]
[EventDate "2019.07.31"]
[EventType "swiss"]
[EventCountry "RUS"]
[SourceTitle "playchess.com"]
[Source "ChessBase"]
[SourceQuality "1"]
[TimeControl "5400+30"]

1. e4 e5 2. Nf3 Nc6 3. Bb5 a6 4. Ba4 Nf6 5. O-O Nxe4 6. d4 b5 7. Bb3 d5 8. dxe5 Be6 9. c3 Be7 10. Bf4 O-O 11. Nd4 Qd7 12. f3 Nc5 13. Bc2 Rfd8 14. Nd2 Nxd4 15. cxd4 Na4 16. Qb1 g6 17. Be3 c5 18. f4 Bf5 19. Nf3 c4 20. h3 h5 21. Bf2 Bxc2 22. Qxc2 Qf5 23. Qxf5 gxf5 24. Bh4 Bxh4 25. Nxh4 Nxb2 26. Nxf5 Kh7 27. Rf3 b4 28. Ne3 c3 29. f5 Nc4 30. g4 Nxe3 31. Rxe3 Rg8 32. Kf2 Kh6 33. e6 hxg4 34. exf7 g3+ 35. Kf3 Rgf8 36. Re6+ Kg5 37. h4+ Kh5 38. Kxg3 Rxf7 39. Kf4 Raf8 40. Re5 Rg7 41. f6+ Kg6 42. h5+ Kh6 43. Re6 Rg2 44. Rxa6 Kxh5 45. Rf1 c2 46. Rc6 Kg6 47. Ke5 Re2+ 48. Kxd5 Rd2 49. Rg1+ Kf5 50. Rf1+ Kg6 51. Rg1+ Kf5 52. Rc1 Kg6 53. R1xc2 Rd8+ 54. Ke4 R8xd4+ 55. Ke5 R4d3 56. Rxd2 Rxd2 57. Ra6 Re2+ 58. Kd5 Kf7 59. Kc5 Rb2 60. Kc4 Kg6 61. Kd5 Kf7 62. Ke5 Re2+ 63. Kd4 0-1

[Event "Eurasia Open Cup 2019"]
[Site "Ekaterinburg"]
[Date "2019.08.03"]
[Round "4.6"]
[White "Kunin, Vitaly"]
[Black "Kyshtymov, Daniil"]
[Result "1-0"]
[ECO "E70"]
[WhiteElo "2527"]
[BlackElo "2176"]
[Annotator "ChessBase"]
[PlyCount "77"]
[EventDate "2019.07.31"]
[EventType "swiss"]
[EventCountry "RUS"]
[SourceTitle "playchess.com"]
[Source "ChessBase"]
[SourceQuality "1"]
[TimeControl "5400+30"]

1. d4 Nf6 2. c4 g6 3. Nc3 Bg7 4. e4 d6 5. Nge2 O-O 6. Ng3 e5 7. d5 a5 8. Be2 Na6 9. h4 h5 10. Bg5 Qe8 11. Qd2 Kh7 12. f3 Bd7 13. Nb5 a4 14. O-O Kg8 15. Bh6 Nh7 16. Kf2 Qd8 17. Bxg7 Kxg7 18. Rh1 Nc5 19. Nc3 c6 20. dxc6 Bxc6 21. Rhd1 Qb6 22. Qe3 Rfd8 23. Rd2 Rd7 24. Rad1 Rad8 25. Kg1 Nf8 26. Bf1 Nfe6 27. Nce2 Qa6 28. f4 Qxc4 29. f5 Nf8 30. Nxh5+ gxh5 31. Ng3 Qb4 32. Nxh5+ Kh7 33. Qg5 Ng6 34. fxg6+ fxg6 35. Rxd6 Rxd6 36. Qe7+ Kh6 37. Qg7+ Kxh5 38. Be2+ Kxh4 39. Qh6+ 1-0

[Event "Eurasia Open Cup 2019"]
[Site "Ekaterinburg"]
[Date "2019.08.03"]
[Round "4.9"]
[White "Bivol, Alina"]
[Black "Shaposhnikov, Evgeny"]
[Result "0-1"]
[ECO "B41"]
[WhiteElo "2391"]
[BlackElo "2575"]
[Annotator "ChessBase"]
[PlyCount "130"]
[EventDate "2019.07.31"]
[EventType "swiss"]
[EventCountry "RUS"]
[SourceTitle "playchess.com"]
[Source "ChessBase"]
[SourceQuality "1"]
[TimeControl "5400+30"]

1. e4 c5 2. Nf3 e6 3. d4 cxd4 4. Nxd4 a6 5. g3 Nc6 6. Bg2 h5 7. Nc3 h4 8. Be3 Nf6 9. O-O hxg3 10. hxg3 Ne5 11. Bg5 Bc5 12. Nb3 Ba7 13. Qe2 Qc7 14. Nd1 b5 15. Be3 Nfg4 16. Bxa7 Qxa7 17. Nc1 Bb7 18. Nd3 Qd4 19. Nxe5 Nxe5 20. c3 Qc5 21. Qe3 Rc8 22. Qxc5 Rxc5 23. a4 Ke7 24. axb5 Rxb5 25. Re1 f5 26. f3 f4 27. g4 a5 28. Re2 Bc6 29. Nf2 Kf6 30. Ra2 g5 31. Rd2 Rhb8 32. Nd1 d5 33. Rd4 dxe4 34. fxe4 Nxg4 35. Rd6 Ne5 36. Bf1 Rc5 37. Nf2 Ke7 38. Rd1 g4 39. Nd3 Nxd3 40. Rxd3 Bxe4 41. Rd4 Re5 42. Raa4 Bf5 43. b4 axb4 44. cxb4 f3 45. Kf2 Kf6 46. b5 Rbxb5 47. Bxb5 Rxb5 48. Rd2 Kg5 49. Ra8 Kf4 50. Rd4+ Ke5 51. Rd2 Rb1 52. Ke3 Rf1 53. Ra5+ Kf6 54. Kf4 Re1 55. Kg3 Kg5 56. Ra8 Rh1 57. Rg8+ Kf6 58. Kf4 Re1 59. Kg3 Ke5 60. Rb8 Rh1 61. Rb5+ Ke4 62. Rd8 Rh3+ 63. Kf2 g3+ 64. Kg1 f2+ 65. Kg2 Rh2+ 0-1

[Event "Eurasia Open Cup 2019"]
[Site "Ekaterinburg"]
[Date "2019.08.03"]
[Round "4.10"]
[White "Sivuk, Vitaly"]
[Black "Chekletsov, Ilya"]
[Result "1/2-1/2"]
[ECO "E15"]
[WhiteElo "2546"]
[BlackElo "2374"]
[Annotator "ChessBase"]
[PlyCount "155"]
[EventDate "2019.07.31"]
[EventType "swiss"]
[EventCountry "RUS"]
[SourceTitle "playchess.com"]
[Source "ChessBase"]
[SourceQuality "1"]
[TimeControl "5400+30"]

1. d4 Nf6 2. c4 e6 3. Nf3 b6 4. g3 Ba6 5. b3 Bb7 6. Bg2 Bb4+ 7. Bd2 c5 8. O-O O-O 9. dxc5 Bxc5 10. Qc2 Nc6 11. Rd1 Qe7 12. Nc3 d5 13. cxd5 Nb4 14. Qb2 Nbxd5 15. a3 Nxc3 16. Bxc3 Rac8 17. e3 b5 18. a4 a6 19. axb5 axb5 20. Ra5 Bc6 21. Ne1 Bb4 22. Bxf6 Qxf6 23. Qxf6 gxf6 24. Ra6 Bxg2 25. Nxg2 Ra8 26. Rb6 Rfb8 27. Rxb8+ Rxb8 28. Nf4 Kf8 29. Rd7 Ke8 30. Ra7 Bc5 31. Ra6 Rc8 32. Ra5 Rb8 33. Nd3 Bd6 34. Kf1 b4 35. Nb2 f5 36. Nc4 Be7 37. Ke2 Rc8 38. f3 Kf8 39. h3 Rc7 40. g4 fxg4 41. hxg4 f6 42. f4 h6 43. e4 Rd7 44. Ra6 Kf7 45. f5 e5 46. Ra5 Rd4 47. Ke3 Rd1 48. Rd5 Rb1 49. Nd2 Rg1 50. Kf3 h5 51. gxh5 Rg5 52. Nc4 Rxh5 53. Ne3 Rh2 54. Rd7 Ke8 55. Rb7 Rb2 56. Nd5 Rxb3+ 57. Kg4 Bd8 58. Rb8 Kd7 59. Rxb4 Rxb4 60. Nxb4 Ke8 61. Kh5 Kf7 62. Kh6 Ba5 63. Nd3 Bb6 64. Kh7 Be3 65. Nb2 Bb6 66. Nc4 Bc5 67. Na5 Bb6 68. Nb7 Ke7 69. Kg7 Kd7 70. Kxf6 Kc7 71. Kxe5 Kxb7 72. Kd6 Bd4 73. e5 Kc8 74. f6 Kd8 75. f7 Bxe5+ 76. Kxe5 Ke7 77. Kf5 Kxf7 78. Ke4 1/2-1/2

[Event "Eurasia Open Cup 2019"]
[Site "Ekaterinburg"]
[Date "2019.08.03"]
[Round "4.11"]
[White "Afanasiev, Nikita"]
[Black "Kanter, Eduard"]
[Result "1-0"]
[ECO "A28"]
[WhiteElo "2514"]
[BlackElo "2384"]
[Annotator "ChessBase"]
[PlyCount "91"]
[EventDate "2019.07.31"]
[EventType "swiss"]
[EventCountry "RUS"]
[SourceTitle "playchess.com"]
[Source "ChessBase"]
[SourceQuality "1"]
[TimeControl "5400+30"]

1. c4 e5 2. Nc3 Nf6 3. Nf3 Nc6 4. e3 Bb4 5. Qc2 Bxc3 6. Qxc3 Qe7 7. b3 d5 8. d4 exd4 9. Nxd4 Nxd4 10. Qxd4 c5 11. Qb2 O-O 12. Be2 dxc4 13. bxc4 Rd8 14. O-O Bf5 15. a4 Bd3 16. Ra3 Bxe2 17. Qxe2 Ne4 18. f3 Nd6 19. Rd1 Ne8 20. Rad3 Rd6 21. Rxd6 Nxd6 22. Rd5 Ne8 23. Qd3 Nf6 24. Rd6 Re8 25. a5 Qe5 26. Bd2 h5 27. e4 Re6 28. Rd8+ Re8 29. Bc3 Qe7 30. Rd6 b6 31. axb6 axb6 32. Rxb6 Rd8 33. Qc2 Qc7 34. Rb1 Qf4 35. Re1 h4 36. Qf2 Rd3 37. Bxf6 Qxf6 38. Qxc5 g6 39. e5 Qf5 40. Qc6 Qf4 41. Qe4 Qd2 42. e6 f5 43. e7 fxe4 44. e8=Q+ Kg7 45. Qe7+ Kg8 46. Qxe4 1-0

[Event "Eurasia Open Cup 2019"]
[Site "Ekaterinburg"]
[Date "2019.08.03"]
[Round "4.12"]
[White "Isaev, Anton"]
[Black "Bocharov, Dmitry"]
[Result "0-1"]
[ECO "A35"]
[WhiteElo "2191"]
[BlackElo "2506"]
[Annotator "ChessBase"]
[PlyCount "60"]
[EventDate "2019.07.31"]
[EventType "swiss"]
[EventCountry "RUS"]
[SourceTitle "playchess.com"]
[Source "ChessBase"]
[SourceQuality "1"]
[TimeControl "5400+30"]

1. Nf3 c5 2. e3 g6 3. c4 Bg7 4. Nc3 Nf6 5. d4 O-O 6. Be2 cxd4 7. Nxd4 Nc6 8. O-O d5 9. Nxc6 bxc6 10. Qa4 Qb6 11. Rd1 Rd8 12. Bd2 Bf5 13. cxd5 cxd5 14. Qa3 Ne4 15. Na4 Qb7 16. Ba5 Rdc8 17. Rac1 Rxc1 18. Rxc1 Rc8 19. b4 d4 20. Nc5 Nxc5 21. bxc5 d3 22. Bf3 Qb2 23. Qxb2 Bxb2 24. Rd1 Rxc5 25. Bb4 Rc1 26. g4 Be6 27. Kg2 Rxd1 28. Bxd1 Bxa2 29. Bxe7 Bb1 30. Bf3 a5 0-1

[Event "Eurasia Open Cup 2019"]
[Site "Ekaterinburg"]
[Date "2019.08.03"]
[Round "4.13"]
[White "Burmakin, Vladimir"]
[Black "Bublei, Pavel"]
[Result "1-0"]
[ECO "E16"]
[WhiteElo "2506"]
[BlackElo "2353"]
[Annotator "ChessBase"]
[PlyCount "67"]
[EventDate "2019.07.31"]
[EventType "swiss"]
[EventCountry "RUS"]
[SourceTitle "playchess.com"]
[Source "ChessBase"]
[SourceQuality "1"]
[TimeControl "5400+30"]

1. d4 Nf6 2. c4 e6 3. Nf3 b6 4. g3 Bb7 5. Bg2 Bb4+ 6. Bd2 Bxd2+ 7. Nbxd2 c5 8. O-O O-O 9. Rc1 Qc7 10. Nb1 cxd4 11. Qxd4 Nc6 12. Qh4 Ne5 13. Nxe5 Bxg2 14. Nxd7 Bxf1 15. Nxf8 Bxe2 16. Nxh7 Nxh7 17. Qe4 Rd8 18. Qxe2 Rd4 19. h4 g5 20. Nd2 gxh4 21. Nf3 Rg4 22. Nxh4 Nf6 23. b3 Qc5 24. Rc3 Qg5 25. Nf3 Qf5 26. Rd3 Re4 27. Re3 Rxe3 28. Qxe3 Ne4 29. Kg2 Kf8 30. Nd4 Qg4 31. Qh6+ Ke8 32. Qh4 Qg6 33. Nc6 Ng5 34. Qh8+ 1-0

[Event "Eurasia Open Cup 2019"]
[Site "Ekaterinburg"]
[Date "2019.08.03"]
[Round "4.14"]
[White "Guseva, Marina"]
[Black "Kezin, Roman"]
[Result "1-0"]
[ECO "D45"]
[WhiteElo "2379"]
[BlackElo "2470"]
[Annotator "ChessBase"]
[PlyCount "159"]
[EventDate "2019.07.31"]
[EventType "swiss"]
[EventCountry "RUS"]
[SourceTitle "playchess.com"]
[Source "ChessBase"]
[SourceQuality "1"]
[TimeControl "5400+30"]

1. d4 Nf6 2. c4 e6 3. Nf3 d5 4. Nc3 c6 5. e3 Nbd7 6. Qc2 Bd6 7. b3 O-O 8. Bb2 Qe7 9. Be2 b6 10. O-O Bb7 11. e4 dxe4 12. Nxe4 Nxe4 13. Qxe4 Nf6 14. Qh4 c5 15. dxc5 Bxc5 16. Rad1 Rad8 17. Ne5 Ne4 18. Qxe7 Bxe7 19. Rxd8 Rxd8 20. Rd1 Rxd1+ 21. Bxd1 f6 22. Nd3 Kf7 23. Bc2 g6 24. f3 Nd6 25. c5 Nf5 26. cxb6 axb6 27. Kf2 e5 28. b4 Bd5 29. a3 Nd6 30. Ke2 h5 31. Nf2 Nc4 32. Bc1 f5 33. Nd1 Be6 34. Ne3 Nd6 35. Bb2 e4 36. fxe4 Nxe4 37. Bd3 Bd6 38. h3 Ng3+ 39. Kf3 Bc7 40. Bd4 f4 41. Nc4 Bd5+ 42. Kf2 Ne4+ 43. Kg1 f3 44. Bxb6 Bb8 45. Bxe4 Bxe4 46. Nd2 Bd3 47. Nxf3 Ke6 48. Bc5 Kd5 49. a4 Bg3 50. a5 Bc7 51. Kf2 Bxa5 52. bxa5 Kxc5 53. h4 Kb5 54. Ke3 Bf1 55. g3 Kxa5 56. Ne5 Kb5 57. Nxg6 Kc5 58. Nf4 Kd6 59. Nxh5 Ke5 60. Kf3 Kf5 61. g4+ Ke5 62. Nf4 Bb5 63. Ke3 Bf1 64. Nd3+ Kf6 65. Ne1 Kg6 66. Kf4 Be2 67. Nf3 Bb5 68. Nd4 Ba4 69. h5+ Kh6 70. Nf5+ Kh7 71. g5 Be8 72. Kg4 Bf7 73. Ne7 Be6+ 74. Kf4 Bc4 75. Kg4 Be6+ 76. Kh4 Bd7 77. Ng6 Kg7 78. Ne5 Ba4 79. g6 Kf6 80. Ng4+ 1-0

[Event "Eurasia Open Cup 2019"]
[Site "Ekaterinburg"]
[Date "2019.08.03"]
[Round "4.15"]
[White "Ulybin, Mikhail"]
[Black "Ovchinnikov, Vsevolod"]
[Result "0-1"]
[ECO "B18"]
[WhiteElo "2469"]
[BlackElo "2346"]
[Annotator "ChessBase"]
[PlyCount "98"]
[EventDate "2019.07.31"]
[EventType "swiss"]
[EventCountry "RUS"]
[SourceTitle "playchess.com"]
[Source "ChessBase"]
[SourceQuality "1"]
[TimeControl "5400+30"]

1. e4 c6 2. d4 d5 3. Nd2 dxe4 4. Nxe4 Bf5 5. Ng3 Bg6 6. Bc4 e6 7. Nh3 Bd6 8. c3 Nd7 9. Qf3 Ngf6 10. Nf4 e5 11. Nxg6 hxg6 12. Ne4 Nb6 13. Bg5 Be7 14. Bxf7+ Kxf7 15. dxe5 Nbd7 16. exf6 Ne5 17. Qe2 gxf6 18. Rd1 Qc7 19. Bf4 Nd3+ 20. Qxd3 Qxf4 21. h3 f5 22. Nd2 b5 23. O-O Rad8 24. Qf3 Bd6 25. Qxf4 Bxf4 26. Nb3 Rhe8 27. g3 Bc7 28. Rxd8 Rxd8 29. Re1 Bb6 30. Kg2 a5 31. Re2 Rd1 32. Rd2 Rb1 33. Rd7+ Ke6 34. Rb7 a4 35. Rxb6 axb3 36. Rxc6+ Kd5 37. Ra6 Ra1 38. Ra3 bxa2 39. h4 Kc4 40. f3 Kd3 41. Ra5 Kc2 42. g4 fxg4 43. fxg4 Kxb2 44. Rxb5+ Kxc3 45. Ra5 Kb3 46. h5 gxh5 47. gxh5 Rc1 48. Kg3 Rc4 49. h6 Ra4 0-1

[Event "Eurasia Open Cup 2019"]
[Site "Ekaterinburg"]
[Date "2019.08.03"]
[Round "4.16"]
[White "Kozionov, Kirill"]
[Black "Pastukhov, Leonid"]
[Result "1-0"]
[ECO "A52"]
[WhiteElo "2454"]
[BlackElo "2215"]
[Annotator "ChessBase"]
[PlyCount "119"]
[EventDate "2019.07.31"]
[EventType "swiss"]
[EventCountry "RUS"]
[SourceTitle "playchess.com"]
[Source "ChessBase"]
[SourceQuality "1"]
[TimeControl "5400+30"]

1. d4 Nf6 2. c4 e5 3. dxe5 Ng4 4. Nf3 Bc5 5. e3 Nc6 6. Be2 O-O 7. Nc3 Ngxe5 8. Nxe5 Nxe5 9. O-O a5 10. Na4 Be7 11. b3 Bf6 12. Bb2 d6 13. Qd2 Bd7 14. Nc3 Ng6 15. Rad1 b6 16. Ba3 Bxc3 17. Qxc3 Bc6 18. Bb2 f6 19. Rfe1 Qe7 20. e4 Rae8 21. Bf1 Qe5 22. f3 Nh4 23. Qd2 Qg5 24. Qxg5 fxg5 25. e5 dxe5 26. Rxe5 h6 27. Rde1 Kf7 28. Rxe8 Rxe8 29. Rxe8 Bxe8 30. Be5 c6 31. Bc7 b5 32. Bxa5 Bd7 33. Bb6 Ke6 34. Kf2 Kd6 35. Bd4 Nf5 36. Bc3 g6 37. g4 Ne7 38. Bg7 h5 39. h3 bxc4 40. bxc4 Ke6 41. Bd3 Kf7 42. Bd4 Be6 43. Ke3 Ng8 44. Be5 Ke7 45. Kd4 Kd7 46. Bxg6 hxg4 47. hxg4 Nh6 48. Bf6 Kd6 49. Bxg5 c5+ 50. Kc3 Nf7 51. Bf4+ Kd7 52. Be4 Nd8 53. Bd5 Nc6 54. Bxe6+ Kxe6 55. Be3 Ne5 56. Bxc5 Nxf3 57. Be3 Ne5 58. g5 Kf5 59. Bc1 Nf7 60. a4 1-0

[Event "Eurasia Open Cup 2019"]
[Site "Ekaterinburg"]
[Date "2019.08.03"]
[Round "4.17"]
[White "Garifullina, Leya"]
[Black "Khanin, Semen"]
[Result "1/2-1/2"]
[ECO "B31"]
[WhiteElo "2268"]
[BlackElo "2517"]
[Annotator "ChessBase"]
[PlyCount "77"]
[EventDate "2019.07.31"]
[EventType "swiss"]
[EventCountry "RUS"]
[SourceTitle "playchess.com"]
[Source "ChessBase"]
[SourceQuality "1"]
[TimeControl "5400+30"]

1. e4 c5 2. Nf3 Nc6 3. Bb5 g6 4. Bxc6 dxc6 5. d3 Bg7 6. h3 Nf6 7. Nc3 Nd7 8. Be3 e5 9. O-O b6 10. Nh2 Nf8 11. f4 exf4 12. Bxf4 Ne6 13. Bg3 O-O 14. Nf3 Nd4 15. Qd2 f5 16. exf5 Bxf5 17. Nxd4 Qxd4+ 18. Kh1 Rae8 19. Rad1 Qb4 20. Qc1 Bxc3 21. bxc3 Qxc3 22. Be1 Qd4 23. Bf2 Qd5 24. c4 Qd7 25. Kg1 Bxd3 26. Qc3 Rd8 27. Rfe1 Qf5 28. Be3 Rd7 29. Bh6 Qf6 30. Qc1 Qf2+ 31. Kh2 Rfd8 32. Qg5 Qf5 33. Qg3 Bxc4 34. Re5 Qf7 35. Rde1 Rd3 36. Qh4 R3d4 37. Qg3 Rd3 38. Qh4 R3d4 39. Qg3 1/2-1/2

[Event "Eurasia Open Cup 2019"]
[Site "Ekaterinburg"]
[Date "2019.08.03"]
[Round "4.18"]
[White "Drygalov, Andrey"]
[Black "Zasukhin, Vadim"]
[Result "1-0"]
[ECO "B01"]
[WhiteElo "2494"]
[BlackElo "2249"]
[Annotator "ChessBase"]
[PlyCount "91"]
[EventDate "2019.07.31"]
[EventType "swiss"]
[EventCountry "RUS"]
[SourceTitle "playchess.com"]
[Source "ChessBase"]
[SourceQuality "1"]
[TimeControl "5400+30"]

1. e4 d5 2. exd5 Qxd5 3. Nc3 Qd6 4. d4 Nf6 5. Nf3 g6 6. Nb5 Qb6 7. a4 c6 8. a5 Qd8 9. Nc3 Bg7 10. Bc4 O-O 11. h3 Bf5 12. Nh4 Bxc2 13. Qxc2 Qxd4 14. Ra4 e6 15. Nf3 Qd8 16. O-O Nbd7 17. Ra1 Nd5 18. Bg5 Qc7 19. Qd2 Ne5 20. Nxe5 Qxe5 21. Rfe1 Qc7 22. Bxd5 cxd5 23. Bh6 Bxh6 24. Qxh6 Rfc8 25. Ra4 Qd7 26. Rd4 f6 27. Qe3 Rc6 28. Rd2 Qc7 29. Ra1 a6 30. h4 Rd8 31. h5 Kg7 32. Ra4 g5 33. f4 h6 34. Rad4 Qf7 35. Qf3 Rc5 36. b4 Rc6 37. f5 exf5 38. Nxd5 Qe6 39. Rd1 Qe5 40. Qf2 Re8 41. Nb6 Re7 42. Nc4 Qe2 43. Qxe2 Rxe2 44. Rd7+ Kf8 45. Rd8+ Kf7 46. Nd6+ 1-0

[Event "Eurasia Open Cup 2019"]
[Site "Ekaterinburg"]
[Date "2019.08.03"]
[Round "4.19"]
[White "Odegov, Artem"]
[Black "Balashov, Yuri S"]
[Result "0-1"]
[ECO "E32"]
[WhiteElo "2261"]
[BlackElo "2474"]
[Annotator "ChessBase"]
[PlyCount "90"]
[EventDate "2019.07.31"]
[EventType "swiss"]
[EventCountry "RUS"]
[SourceTitle "playchess.com"]
[Source "ChessBase"]
[SourceQuality "1"]
[TimeControl "5400+30"]

1. d4 Nf6 2. c4 e6 3. Nc3 Bb4 4. Qc2 d6 5. e3 c5 6. Bd3 Nc6 7. Nge2 e5 8. dxc5 dxc5 9. Bd2 Be6 10. Ng3 O-O 11. O-O h6 12. Rfd1 Qc7 13. a3 Bxc3 14. Bxc3 a5 15. b3 b6 16. Be2 Rfe8 17. Nf5 Bxf5 18. Qxf5 Re6 19. Ra2 Rae8 20. Rad2 e4 21. Bxf6 Rxf6 22. Qd7 Qxd7 23. Rxd7 g6 24. R1d6 Rfe6 25. f4 exf3 26. Bxf3 Ne5 27. Rxe6 Rxe6 28. Rd8+ Kg7 29. Bd5 Rf6 30. h3 h5 31. Re8 Nd3 32. e4 Nc1 33. e5 Rf5 34. Re7 Kf8 35. Rb7 h4 36. g4 hxg3 37. Kg2 Ne2 38. Bf3 Rxe5 39. Rxb6 Nd4 40. Bd5 Nf5 41. b4 axb4 42. axb4 Re2+ 43. Kf1 Rc2 44. Ke1 Ne3 45. Rb8+ Kg7 0-1

[Event "Eurasia Open Cup 2019"]
[Site "Ekaterinburg"]
[Date "2019.08.03"]
[Round "4.20"]
[White "Schepetkova, Margarita"]
[Black "Kabanov, Nikolai"]
[Result "0-1"]
[ECO "A53"]
[WhiteElo "2241"]
[BlackElo "2450"]
[Annotator "ChessBase"]
[PlyCount "111"]
[EventDate "2019.07.31"]
[EventType "swiss"]
[EventCountry "RUS"]
[SourceTitle "playchess.com"]
[Source "ChessBase"]
[SourceQuality "1"]
[TimeControl "5400+30"]

1. d4 Nf6 2. c4 d6 3. Nc3 e5 4. dxe5 dxe5 5. Qxd8+ Kxd8 6. Nf3 Nbd7 7. Rg1 h6 8. g4 e4 9. g5 exf3 10. gxf6 Nxf6 11. exf3 Be6 12. Bf4 c6 13. O-O-O+ Ke8 14. Re1 Bc5 15. Be3 Bxe3+ 16. Rxe3 Kf8 17. Ne4 Rd8 18. Kc2 Nxe4 19. fxe4 g5 20. Bd3 Ke7 21. Kc3 c5 22. a3 a5 23. Rb1 Rd7 24. Rh1 g4 25. Rg1 Rdd8 26. h3 h5 27. hxg4 hxg4 28. Be2 Rh4 29. Bd3 Rh2 30. f4 gxf3 31. Rxf3 b6 32. Rb1 Rg8 33. b4 axb4+ 34. axb4 Ra8 35. bxc5 bxc5 36. Bc2 Ra2 37. Bb3 Rae2 38. Ra1 Rxe4 39. Ra7+ Kf8 40. Rc7 Rh5 41. Kb2 Rd4 42. Rc6 Ke7 43. Rc7+ Rd7 44. Rc6 Re5 45. Kc3 Ra7 46. Rd3 f5 47. Rh3 f4 48. Rh7+ Bf7 49. Bc2 Re3+ 50. Kb2 Re2 51. Kc3 f3 52. Rh3 Ra3+ 53. Kb2 f2 54. Rh1 Rf3 55. Rf1 Bxc4 56. Rh1 0-1

[Event "Eurasia Open Cup 2019"]
[Site "Ekaterinburg"]
[Date "2019.08.03"]
[Round "4.21"]
[White "Khusenkhojaev, Muhammad"]
[Black "Rudometov, Maxim"]
[Result "1-0"]
[ECO "E69"]
[WhiteElo "2441"]
[BlackElo "2233"]
[Annotator "NA"]
[PlyCount "80"]
[EventDate "2019.07.31"]
[EventType "swiss"]
[EventCountry "RUS"]
[SourceTitle "playchess.com"]
[Source "ChessBase"]
[SourceQuality "1"]
[TimeControl "5400+30"]

1. d4 Nf6 2. c4 g6 3. g3 Bg7 4. Nf3 O-O 5. Bg2 d6 6. O-O Nbd7 7. Nc3 e5 8. e4 c6 9. h3 Qc7 10. Be3 Re8 11. d5 c5 12. a3 Nf8 13. Nd2 h6 14. b4 b6 15. Rb1 g5 16. Nb5 Qd8 17. Nb3 a6 18. Nxd6 Qxd6 19. bxc5 bxc5 20. Nxc5 Qc7 21. Qc2 a5 22. Rfc1 Ng6 23. Na4 Bd7 24. Nb6 Rab8 25. c5 Bf8 26. Bf1 Kg7 27. f3 Nh5 28. Bf2 Red8 29. Qc3 a4 30. c6 Be8 31. Nxa4 Rxb1 32. Rxb1 Ra8 33. Rb7 Qa5 34. Qxa5 Rxa5 35. Nb6 Bxa3 36. Rb8 Nf6 37. c7 Ne7 38. Nc4 Ra4 39. Nxa3 Rxa3 40. Bc5 Neg8 1-0

[Event "Eurasia Open Cup 2019"]
[Site "Ekaterinburg"]
[Date "2019.08.03"]
[Round "4.22"]
[White "Navrodskiy, Boris"]
[Black "Davtyan, Artur"]
[Result "0-1"]
[ECO "D12"]
[WhiteElo "2223"]
[BlackElo "2440"]
[Annotator "NA"]
[PlyCount "70"]
[EventDate "2019.07.31"]
[EventType "swiss"]
[EventCountry "RUS"]
[SourceTitle "playchess.com"]
[Source "ChessBase"]
[SourceQuality "1"]
[TimeControl "5400+30"]

1. d4 d5 2. c4 c6 3. Nf3 Nf6 4. e3 Bf5 5. Nc3 e6 6. Nh4 Be4 7. f3 Bg6 8. Nxg6 hxg6 9. Bd3 Bd6 10. f4 c5 11. cxd5 exd5 12. O-O Nc6 13. Qf3 Be7 14. Ne2 Qb6 15. dxc5 Bxc5 16. Nc3 Qd8 17. Rd1 Qe7 18. a3 a5 19. Bb5 Rd8 20. Nxd5 Nxd5 21. Rxd5 O-O 22. Bxc6 bxc6 23. Rxd8 Rxd8 24. b4 axb4 25. axb4 Bxb4 26. e4 c5 27. Bb2 Qd7 28. f5 g5 29. Rf1 c4 30. f6 g6 31. Bc1 c3 32. Bxg5 c2 33. Qg3 Qd1 34. Qh3 Bc5+ 35. Be3 c1=Q 0-1

[Event "Eurasia Open Cup 2019"]
[Site "Ekaterinburg"]
[Date "2019.08.03"]
[Round "4.23"]
[White "Shubin, Kirill"]
[Black "Iljushina, Olga"]
[Result "1-0"]
[ECO "B13"]
[WhiteElo "2426"]
[BlackElo "2208"]
[Annotator "NA"]
[PlyCount "57"]
[EventDate "2019.07.31"]
[EventType "swiss"]
[EventCountry "RUS"]
[SourceTitle "playchess.com"]
[Source "ChessBase"]
[SourceQuality "1"]
[TimeControl "5400+30"]

1. e4 c6 2. d4 d5 3. exd5 cxd5 4. Bd3 Nc6 5. c3 Qc7 6. Ne2 Bg4 7. O-O Nf6 8. Qe1 Bxe2 9. Qxe2 e6 10. f4 Bd6 11. g3 O-O-O 12. Nd2 h5 13. Nf3 Ne7 14. Ne5 Nf5 15. Bd2 g6 16. a4 Nh6 17. a5 Kb8 18. b4 Nd7 19. b5 Bxe5 20. fxe5 Nf5 21. b6 axb6 22. a6 Rh7 23. Rfb1 Rdh8 24. axb7 Ne7 25. Bb5 h4 26. Bxd7 Qxd7 27. Ra8+ Kc7 28. Qa6 Qc6 29. b8=Q+ 1-0

[Event "Eurasia Open Cup 2019"]
[Site "Ekaterinburg"]
[Date "2019.08.03"]
[Round "4.24"]
[White "Anchutin, Nikita"]
[Black "Kopylov, Alexander A."]
[Result "0-1"]
[ECO "A62"]
[WhiteElo "2216"]
[BlackElo "2410"]
[Annotator "NA"]
[PlyCount "102"]
[EventDate "2019.07.31"]
[EventType "swiss"]
[EventCountry "RUS"]
[SourceTitle "playchess.com"]
[Source "ChessBase"]
[SourceQuality "1"]
[TimeControl "5400+30"]

1. d4 Nf6 2. Nf3 c5 3. d5 e6 4. c4 exd5 5. cxd5 d6 6. Nc3 g6 7. g3 Bg7 8. Bg2 O-O 9. O-O Re8 10. Bf4 a6 11. a4 h6 12. h3 g5 13. Bc1 Nbd7 14. Qc2 b6 15. Nd2 g4 16. hxg4 Nxg4 17. Nf3 Ndf6 18. Nh4 Re5 19. Bf4 Rh5 20. Qd2 Rb8 21. Bf3 Qe7 22. Kg2 b5 23. axb5 axb5 24. Rh1 b4 25. Nd1 Nxd5 26. Ng6 Nxf4+ 27. Nxf4 Rxh1 28. Kxh1 c4 29. Rc1 Ne5 30. Bd5 Be6 31. Nxe6 c3 32. bxc3 fxe6 33. Bb3 bxc3 34. Rxc3 d5 35. Re3 Rb6 36. Ba2 Qa7 37. Qc2 Rc6 38. Qb1 Ra6 39. Rb3 Nc6 40. Nc3 Qxf2 41. Qg6 Qf7 42. Qd3 Ra8 43. Bb1 Be5 44. Kg2 Rf8 45. Qg6+ Qxg6 46. Bxg6 Na5 47. Ra3 Nc4 48. Rb3 Ne3+ 49. Kg1 Bxg3 50. Rb1 Bf2+ 51. Kh2 Rf4 0-1